 Dungeon Crawl Stone Soup version 0.30.0-17-ge0270778cf (webtiles) character file.

Game seed: 15179436778476155094

1499 hito the Cleaver (level 8, -1/73 HPs)
             Began as a Minotaur Fighter on May 21, 2023.
             Slain by a +0 spectral quarterstaff (8 damage)
             ... created by Joseph
             ... on level 7 of the Dungeon.
             The game lasted 00:08:54 (5634 turns).

hito the Cleaver (Minotaur Fighter)                 Turns: 5634, Time: 00:08:56

Health: -1/73      AC: 11    Str: 24    XL:     8   Next: 52%
Magic:  7/7        EV: 10    Int:  5    God:
Gold:   478        SH:  4    Dex:  9    Spells: 7/7 levels left

rFire   + . .        a - +0 war axe
rCold   + . .        c - +0 buckler
rNeg    . . .        v - +3 ring mail "Suoluq" {Will+}
rPois   .            (helmet restricted)
rElec   .            B - +0 cloak
rCorr   .            L - +0 pair of gloves
SInv    .            (no boots)
Will    +....        M - amulet of the acrobat Stlth
                     u - ring of protection from fire
HPRegen 0.32/turn    o - ring of protection from cold
MPRegen 0.10/turn

%: acrobat
@: mighty, studying Long Blades
A: horns 2, retaliatory headbutt
a: no special abilities


You were on level 7 of the Dungeon.
You visited 1 branch of the dungeon, and saw 7 of its levels.

You collected 478 gold pieces.

Inventory:

Hand Weapons
 a - a +0 war axe (weapon)
 r - a +2 sling of flaming
Missiles
 k - 54 stones (quivered)
 z - a boomerang of dispersal
 K - 4 javelins
Armour
 c - a +0 buckler (worn)
 v - the +3 ring mail "Suoluq" (worn) {Will+}
   (You found it on level 4 of the Dungeon)

   Will:      It increases your willpower.
 B - a +0 cloak (worn)
 L - a +0 pair of gloves (worn)
Jewellery
 m - an amulet of faith
 o - a ring of protection from cold (right hand)
 u - a ring of protection from fire (left hand)
 G - a ring of ice
 M - an amulet of the acrobat (around neck)
Wands
 s - a wand of mindburst (4)
 w - a wand of roots (25)
Scrolls
 b - a scroll of torment {unknown}
 e - a scroll of enchant armour {unknown}
 g - 2 scrolls of teleportation {unknown}
 i - a scroll of fear {unknown}
 n - a scroll of amnesia {unknown}
 t - a scroll of enchant weapon {unknown}
 x - 2 scrolls of poison {unknown}
 y - a scroll of magic mapping {unknown}
 D - a scroll of fog {unknown}
 F - a scroll of immolation {unknown}
 I - a scroll of blinking {unknown}
 J - a scroll of silence {unknown}
Potions
 d - 2 potions of might
 h - a potion of flight {unknown}
 j - 2 potions of resistance
 l - 6 potions of curing {unknown}
 p - 4 potions of brilliance
 q - 4 potions of lignification
 A - a potion of ambrosia
 C - 2 potions of attraction {unknown}
 E - a potion of berserk rage {unknown}
 H - a potion of magic {unknown}


   Skills:
 - Level 7.0 Fighting
 + Level 10.5 Axes
 - Level 6.0 Armour
 - Level 3.6 Shields


You had 7 spell levels left.
You didn't know any spells.
Your spell library contained the following spells:

 Spells                   Type           Power      Damage    Failure   Level
 Beastly Appendage        Tmut           0%         N/A       67%         1
 Freeze                   Ice            0%         1d3       67%         1
 Wereblood                Tmut           0%         N/A       82%         2
 Frozen Ramparts          Ice            0%         1d1       96%         3
 Hailstorm                Conj/Ice       0%         3d3       96%         3
 Spider Form              Tmut/Pois      0%         N/A       96%         3


Dungeon Overview and Level Annotations

Branches:
Dungeon (7/15)             Temple (0/1) D:4

Altars:
Gozag
Trog
Uskayaw
Wu Jian
Yredelemnul

Annotations:
D:7 Joseph


Innate Abilities, Weirdness & Mutations

You have a pair of horns on your head.
You reflexively headbutt those who attack you in melee.


Message History

Joseph is moderately wounded.
Joseph unwields a +0 sling.
Joseph wields a +0 spectral quarterstaff.
Joseph barely misses you. You furiously retaliate!
You headbutt Joseph! The +0 spectral quarterstaff hits you.
A +0 spectral quarterstaff comes into view.
You barely miss Joseph.
Joseph is heavily wounded.
You hit the +0 spectral quarterstaff.
Joseph shares his spectral weapon's damage!
You block Joseph's attack. The +0 spectral quarterstaff hits you.
You barely miss Joseph.
Joseph is heavily wounded.
You barely miss the +0 spectral quarterstaff.
Joseph hits you with a +0 spectral quarterstaff!
You block the +0 spectral quarterstaff's attack.
You closely miss Joseph.
Joseph is heavily wounded.
You hit the +0 spectral quarterstaff.
Joseph shares his spectral weapon's damage!
Joseph hits you with a +0 spectral quarterstaff.
The +0 spectral quarterstaff hits you!
* * * LOW HITPOINT WARNING * * *
You slash Joseph!
Joseph is severely wounded.
You closely miss the +0 spectral quarterstaff.
You block Joseph's attack. The +0 spectral quarterstaff hits you!
* * * LOW HITPOINT WARNING * * *
You feel much better.
Joseph hits you with a +0 spectral quarterstaff.
The +0 spectral quarterstaff hits you!
* * * LOW HITPOINT WARNING * * *
You closely miss Joseph. You headbutt Joseph!
Joseph is almost dead.
You hit the +0 spectral quarterstaff.
Joseph shares his spectral weapon's damage!
Joseph hits you with a +0 spectral quarterstaff!
* * * LOW HITPOINT WARNING * * *
The +0 spectral quarterstaff hits you!
You die...

#.###...########..
..(..........#...# #####
..>.......#......##.....
.....†.......#........
#.###†..#### #....#.#
..###...## #......#
####.....# #.....# #
#<....# ##@##.##.#
#>....######(@.....#
####...#<......###.####
..##.###.#####.# .#
#.##.###.#####.# .#
#............... ..
...#.#.#.#####..# .#
#.##........>...# ##
#.##.....######.#
..###...## ..


You could see Joseph and a +0 spectral quarterstaff.

Vanquished Creatures
  A water moccasin (D:7)
  A sky beast (D:6)
  A black bear (D:5)
  3 ogres
  2 bullfrogs (D:7)
  2 scorpions
  5 hounds
  3 orc priests
  A jelly (D:6)
  2 iguanas
  3 sleepcaps (D:6)
  3 orc wizards
  7 adders
  4 white imps
  3 ufetubi
  2 worms (D:2)
  2 dart slugs
  28 orcs
  6 bats
  3 endoplasms
  6 giant cockroaches
  14 goblins
  9 hobgoblins
  2 quokkas
  2 ball pythons
  8 frilled lizards
  10 kobolds
  10 rats
143 creatures vanquished.

Vanquished Creatures (others)
  An orc (D:5)
1 creature vanquished.

Grand Total: 144 creatures vanquished

Notes
Turn   | Place    | Note
-------+----------+-------------------------------------------
     0 | D:1      | hito the Minotaur Fighter began the quest for the Orb.
     0 | D:1      | Reached XP level 1. HP: 19/19 MP: 0/0
   201 | D:1      | Reached XP level 2. HP: 27/27 MP: 1/1
   203 | D:1      | Reached skill level 3 in Axes
   693 | D:2      | Reached XP level 3. HP: 34/34 MP: 2/2
  1044 | D:2      | Reached skill level 4 in Axes
  1124 | D:2      | Reached skill level 5 in Fighting
  1124 | D:2      | Reached XP level 4. HP: 42/42 MP: 3/3
  1281 | D:3      | Found a faded altar of an unknown god.
  1415 | D:3      | Found an opulent altar of Gozag.
  1559 | D:3      | Found an ornate altar of the Wu Jian Council.
  1646 | D:3      | Identified the +2 robe "Lyeb" {Int+2}
  1704 | D:3      | Found a bloodstained altar of Trog.
  2178 | D:4      | Noticed a scorpion
  2189 | D:4      | Killed a scorpion
  2190 | D:4      | Reached skill level 5 in Axes
  2190 | D:4      | Reached XP level 5. HP: 39/50 MP: 4/4
  2512 | D:4      | Found a staircase to the Ecumenical Temple.
  2514 | D:4      | Identified the +3 ring mail "Suoluq" {Will+}
  2638 | D:4      | Reached XP level 6. HP: 55/57 MP: 5/5
  2822 | D:4      | Found a basalt altar of Yredelemnul.
  3191 | D:5      | Entered Level 5 of the Dungeon
  3203 | D:5      | Reached skill level 6 in Axes
  3681 | D:5      | Reached XP level 7. HP: 66/66 MP: 6/6
  3706 | D:5      | Reached skill level 5 in Armour
  3917 | D:5      | Reached skill level 7 in Axes
  4887 | D:6      | Reached skill level 8 in Axes
  4948 | D:6      | Reached XP level 8. HP: 65/73 MP: 7/7
  5079 | D:6      | Noticed a +0 dagger
  5080 | D:6      | Found a hide-covered altar of Uskayaw.
  5081 | D:6      | Noticed a +0 hand axe
  5131 | D:6      | Reached skill level 9 in Axes
  5547 | D:7      | Reached skill level 10 in Axes
  5614 | D:7      | Noticed Joseph
  5634 | D:7      | Slain by a +0 spectral quarterstaff

Illustrated notes

Levels and vault maps discovered:
D:1:      onia_arrival_mini_spirals, layout_loops_ring, minmay_ruptured
D:2:      layout_rooms
D:3:      layout_basic, bloody_trog, old_standard_altar,
          mainiacjoe_overflow_catwalk, nicolae_ecumenical_pavilion
D:4:      layout_gridville, mainiacjoe_overflow_alcove_1,
          minmay_temple_entry_trees, minmay_manual_moon
D:5:      layout_layer_cave, hangedman_decor_opposing,
          chequers_serial_rivers_micro_b
D:6:      layout_rooms, dancing_weapons_uskayaw, minivault_5
D:7:      layout_loops_cross, grunt_dithmenos_smoke, grunt_qazlal_clouds,
          uniq_joseph

Skill      XL: |  1  2  3  4  5  6  7  8 |
---------------+-------------------------+-----
Fighting       | 4 5 6 7 |  7.0
Axes           | 3 4 5 6 8 10 | 10.5
Armour         | 4 6 |  6.0
Shields        | |  3.6

Action                     |  1- 3 |  4- 6 |  7- 9 || total
---------------------------+-------+-------+-------++-------
  Melee: War axe           |    78 |   129 |    99 ||   306
         Headbutt          |    14 |    10 |    18 ||    42
    Use: Scroll            |       |       |     5 ||     5
         Potion            |       |       |     2 ||     2
 Armour: Scale mail        |    33 |    23 |       ||    56
         Ring mail         |       |    28 |    33 ||    61
         Plate armour      |       |     3 |       ||     3
  Dodge: Dodged            |    38 |    68 |    37 ||   143
  Block: Buckler           |    18 |    27 |    15 ||    60
